[ AOE2 MATCH · #506302986 ]
UnrankedMaya vs Italians
Player's team · WIN
Rival team · LOSS
[ REPLAY ANALYSIS · EXTRACTED FROM THE RECORDED GAME ]
Feudal
9:40
Castle
19:16
Imperial
33:37
| APM avg | 84.1 |
| APM peak | 142 |
| eAPM avg | 46.3 |
| Villagers / military | 121 / 110 |
Focus
⚔️ 72.0% · 🌾 28.0%
Eagle Scout ×50 · Archer ×27 · Skirmisher ×25 · Monk ×3 · Trebuchet (Packed) ×3 · Militia ×2
Feudal
8:28
Castle
20:27
Imperial
37:46
| APM avg | 50.3 |
| APM peak | 77 |
| eAPM avg | 29.3 |
| Villagers / military | 149 / 89 |
Focus
⚔️ 38.7% · 🌾 61.3%
Skirmisher ×47 · Knight ×42
Match map
Initial resources + every placement click. Lines = walls · curves = elevation contours. ◆ gold · ⬟ stone · ● berries · ✦ relic · ◌ wall gap
Your base· ✓ Closed at 19:16 · 48t walls · no gate
SuperCrazyFeng's base· ✓ Closed at 20:27 · 19t walls · 3 gate(s)
Smoothed initial terrain · ◌ = detected wall gap · hover for details
Inputs per minute
— stockfish - - SuperCrazyFeng
Build order — stockfish
First 150 of 399 actions detected
| 0:00 | Research | Loom |
| 0:00 | Research | Loom |
| 0:01 | Build | House |
| 0:02 | Build | House |
| 0:06 | Queue | Villager (Male) |
| 0:06 | Queue | Villager (Male) |
| 0:07 | Queue | Villager (Male) |
| 0:08 | Queue | Villager (Male) |
| 1:26 | Queue | Villager (Male) |
| 1:26 | Queue | Villager (Male) |
| 2:03 | Queue | Villager (Male) |
| 2:04 | Queue | Villager (Male) |
| 2:42 | Build | Barracks |
| 2:45 | Queue | Villager (Male) |
| 3:07 | Build | House |
| 3:12 | Queue | Villager (Male) |
| 3:35 | Queue | Villager (Male) |
| 3:50 | Queue | Militia |
| 3:56 | Build | House |
| 4:05 | Queue | Villager (Male) |
| 4:19 | Queue | Militia |
| 4:31 | Queue | Villager (Male) |
| 4:47 | Queue | Villager (Male) |
| 5:08 | Queue | Villager (Male) |
| 5:33 | Queue | Villager (Male) |
| 6:10 | Queue | Villager (Male) |
| 6:13 | Build | Lumber Camp |
| 6:34 | Queue | Villager (Male) |
| 6:52 | Queue | Villager (Male) |
| 7:30 | Research | Feudal Age |
| 7:39 | Build | Mining Camp |
| 8:54 | Build | House |
| 9:04 | Queue | Villager (Male) |
| 9:29 | Build | Palisade Wall |
| 9:35 | Build | Palisade Wall |
| 9:40 | Age | Feudal Age |
| 9:43 | Build | Archery Range |
| 9:43 | Research | Double-Bit Axe |
| 9:46 | Queue | Villager (Male) |
| 10:12 | Build | Mill |
| 10:23 | Queue | Archer |
| 10:25 | Build | House |
| 10:32 | Queue | Villager (Male) |
| 10:41 | Queue | Villager (Male) |
| 10:46 | Queue | Archer |
| 10:52 | Build | Palisade Wall |
| 11:06 | Queue | Villager (Male) |
| 11:10 | Build | Palisade Wall |
| 11:21 | Queue | Archer |
| 11:23 | Build | Farm |
| 11:25 | Build | Farm |
| 11:29 | Queue | Villager (Male) |
| 11:44 | Queue | Archer |
| 11:51 | Build | Farm |
| 12:04 | Build | Palisade Wall |
| 12:07 | Queue | Villager (Male) |
| 12:08 | Build | Farm |
| 12:16 | Queue | Eagle Scout |
| 12:19 | Build | House |
| 12:27 | Build | Farm |
| 12:29 | Queue | Villager (Male) |
| 12:32 | Build | Palisade Wall |
| 12:42 | Build | Farm |
| 12:53 | Queue | Villager (Male) |
| 12:55 | Queue | Archer |
| 12:58 | Build | Palisade Wall |
| 13:07 | Queue | Villager (Male) |
| 13:18 | Build | Palisade Wall |
| 13:22 | Queue | Villager (Male) |
| 13:27 | Queue | Archer |
| 13:31 | Build | Farm |
| 13:43 | Build | Farm |
| 13:46 | Queue | Eagle Scout |
| 13:47 | Build | House |
| 13:50 | Queue | Villager (Male) |
| 14:00 | Build | House |
| 14:05 | Build | Farm |
| 14:08 | Queue | Villager (Male) |
| 14:16 | Build | House |
| 14:21 | Queue | Archer |
| 14:22 | Queue | Archer |
| 14:52 | Build | House |
| 14:53 | Queue | Villager (Male) |
| 15:16 | Queue | Villager (Male) |
| 15:20 | Build | Blacksmith |
| 15:22 | Queue | Archer |
| 16:03 | Queue | Villager (Male) |
| 16:13 | Build | Market |
| 16:16 | Queue | Archer |
| 16:31 | Queue | Villager (Male) |
| 16:36 | Research | Castle Age |
| 16:37 | Research | Castle Age |
| 16:37 | Queue | Archer |
| 16:51 | Build | Lumber Camp |
| 17:02 | Build | Archery Range |
| 17:03 | Queue | Eagle Scout |
| 17:09 | Research | Fletching |
| 17:13 | Queue | Eagle Scout |
| 17:19 | Build | House |
| 17:21 | Build | House |
| 17:29 | Research | Horse Collar |
| 17:32 | Queue | Archer |
| 17:46 | Queue | Archer |
| 17:53 | Queue | Archer |
| 18:02 | Build | Farm |
| 18:04 | Research | Scale Mail Armor |
| 18:06 | Queue | Eagle Scout |
| 18:18 | Queue | Archer |
| 18:37 | Build | House |
| 18:38 | Queue | Archer |
| 19:06 | Queue | Villager (Male) |
| 19:15 | Research | Man-at-Arms (upgrade) |
| 19:16 | Age | Castle Age |
| 19:19 | Research | Crossbowman (upgrade) |
| 19:20 | Research | Bodkin Arrow |
| 19:24 | Build | Palisade Gate |
| 19:29 | Build | Town Center |
| 19:33 | Queue | Villager (Male) |
| 19:35 | Queue | Eagle Scout |
| 19:45 | Build | Farm |
| 19:49 | Queue | Eagle Scout |
| 20:04 | Queue | Villager (Male) |
| 20:16 | Queue | Villager (Male) |
| 20:19 | Build | Farm |
| 20:21 | Queue | Eagle Scout |
| 20:21 | Queue | Eagle Scout |
| 20:23 | Queue | Archer |
| 20:24 | Queue | Archer |
| 20:28 | Queue | Villager (Male) |
| 20:56 | Queue | Villager (Male) |
| 21:01 | Queue | Villager (Male) |
| 21:03 | Build | Farm |
| 21:04 | Build | Farm |
| 21:23 | Queue | Villager (Male) |
| 21:24 | Queue | Archer |
| 21:31 | Research | Arson |
| 21:32 | Queue | Villager (Male) |
| 21:32 | Queue | Eagle Scout |
| 21:36 | Build | Farm |
| 21:37 | Build | Farm |
| 21:38 | Build | Farm |
| 21:39 | Queue | Villager (Male) |
| 21:42 | Queue | Villager (Male) |
| 21:51 | Queue | Villager (Male) |
| 21:57 | Queue | Archer |
| 21:57 | Queue | Archer |
| 22:02 | Queue | Villager (Male) |
| 22:06 | Build | Farm |
| 22:09 | Queue | Villager (Male) |
| 22:15 | Queue | Villager (Male) |
Build order — SuperCrazyFeng
First 150 of 435 actions detected
| 0:00 | Queue | Villager (Male) |
| 0:01 | Queue | Villager (Male) |
| 0:01 | Queue | Villager (Male) |
| 0:01 | Queue | Villager (Male) |
| 0:02 | Build | House |
| 0:04 | Build | House |
| 1:23 | Queue | Villager (Male) |
| 1:24 | Queue | Villager (Male) |
| 1:49 | Build | Lumber Camp |
| 1:58 | Queue | Villager (Male) |
| 1:58 | Queue | Villager (Male) |
| 2:26 | Queue | Villager (Male) |
| 2:26 | Queue | Villager (Male) |
| 2:26 | Queue | Villager (Male) |
| 2:47 | Build | House |
| 3:03 | Queue | Villager (Male) |
| 3:03 | Queue | Villager (Male) |
| 3:32 | Queue | Villager (Male) |
| 3:32 | Queue | Villager (Male) |
| 4:09 | Queue | Villager (Male) |
| 4:09 | Queue | Villager (Male) |
| 4:13 | Queue | Villager (Male) |
| 4:13 | Queue | Villager (Male) |
| 4:13 | Queue | Villager (Male) |
| 4:20 | Queue | Villager (Male) |
| 4:21 | Queue | Villager (Male) |
| 4:55 | Research | Loom |
| 5:09 | Build | Mill |
| 5:57 | Build | Palisade Wall |
| 6:01 | Build | House |
| 6:02 | Build | Palisade Wall |
| 6:18 | Research | Feudal Age |
| 6:18 | Research | Feudal Age |
| 6:45 | Queue | Villager (Male) |
| 6:58 | Build | Palisade Gate |
| 7:36 | Build | Palisade Wall |
| 7:48 | Build | Barracks |
| 7:55 | Queue | Villager (Male) |
| 8:11 | Queue | Villager (Male) |
| 8:28 | Age | Feudal Age |
| 8:31 | Queue | Villager (Male) |
| 8:41 | Research | Double-Bit Axe |
| 9:04 | Queue | Villager (Male) |
| 9:20 | Build | House |
| 9:23 | Research | Wheelbarrow |
| 9:32 | Queue | Villager (Male) |
| 9:46 | Queue | Villager (Male) |
| 9:52 | Build | Archery Range |
| 9:56 | Build | Palisade Wall |
| 10:02 | Queue | Villager (Male) |
| 10:12 | Build | Palisade Wall |
| 10:14 | Build | House |
| 10:15 | Build | House |
| 10:32 | Queue | Villager (Male) |
| 10:45 | Build | House |
| 10:50 | Queue | Skirmisher |
| 10:56 | Queue | Skirmisher |
| 11:10 | Build | House |
| 11:22 | Queue | Skirmisher |
| 11:26 | Build | Palisade Wall |
| 11:33 | Queue | Villager (Male) |
| 11:59 | Build | Blacksmith |
| 12:01 | Build | House |
| 12:03 | Build | Palisade Wall |
| 12:06 | Queue | Villager (Male) |
| 12:17 | Research | Horse Collar |
| 12:46 | Build | House |
| 12:47 | Queue | Villager (Male) |
| 12:48 | Queue | Skirmisher |
| 12:55 | Build | Farm |
| 12:56 | Build | Farm |
| 13:17 | Queue | Villager (Male) |
| 13:19 | Build | Farm |
| 13:20 | Queue | Skirmisher |
| 13:31 | Build | House |
| 13:34 | Build | Farm |
| 13:34 | Build | Farm |
| 13:35 | Build | Farm |
| 13:43 | Build | Palisade Wall |
| 13:46 | Queue | Villager (Male) |
| 13:48 | Build | Farm |
| 13:57 | Build | Farm |
| 14:03 | Queue | Villager (Male) |
| 14:15 | Queue | Villager (Male) |
| 14:18 | Build | Lumber Camp |
| 14:49 | Queue | Villager (Male) |
| 14:53 | Build | Mining Camp |
| 15:14 | Build | Farm |
| 15:17 | Build | Farm |
| 15:32 | Build | Palisade Gate |
| 15:33 | Build | House |
| 15:35 | Build | Palisade Wall |
| 15:42 | Queue | Villager (Male) |
| 15:46 | Build | Farm |
| 15:47 | Build | Farm |
| 15:57 | Queue | Villager (Male) |
| 16:11 | Queue | Villager (Male) |
| 16:16 | Build | Farm |
| 16:20 | Queue | Villager (Male) |
| 16:27 | Build | Farm |
| 16:30 | Build | Farm |
| 16:32 | Build | Farm |
| 16:34 | Queue | Villager (Male) |
| 16:40 | Build | Farm |
| 16:50 | Build | Palisade Wall |
| 16:56 | Build | Farm |
| 17:02 | Build | Farm |
| 17:40 | Research | Castle Age |
| 17:40 | Research | Castle Age |
| 17:57 | Research | Gold Mining |
| 17:57 | Research | Gold Mining |
| 18:06 | Queue | Skirmisher |
| 18:10 | Queue | Villager (Male) |
| 18:21 | Research | Fletching |
| 18:21 | Research | Fletching |
| 18:29 | Queue | Villager (Male) |
| 18:35 | Build | Farm |
| 18:39 | Queue | Skirmisher |
| 19:03 | Build | Archery Range |
| 19:08 | Research | Padded Archer Armor |
| 19:09 | Queue | Villager (Male) |
| 19:38 | Queue | Skirmisher |
| 19:54 | Queue | Skirmisher |
| 19:58 | Queue | Skirmisher |
| 20:18 | Queue | Skirmisher |
| 20:20 | Queue | Skirmisher |
| 20:27 | Build | Palisade Gate |
| 20:27 | Age | Castle Age |
| 20:31 | Build | Town Center |
| 20:34 | Research | Bodkin Arrow |
| 20:34 | Research | Bodkin Arrow |
| 20:35 | Research | Crossbowman (upgrade) |
| 20:36 | Research | Crossbowman (upgrade) |
| 20:43 | Build | House |
| 20:45 | Queue | Skirmisher |
| 20:45 | Queue | Skirmisher |
| 21:01 | Queue | Villager (Male) |
| 21:01 | Queue | Villager (Male) |
| 21:09 | Queue | Skirmisher |
| 21:22 | Queue | Villager (Male) |
| 21:22 | Queue | Villager (Male) |
| 21:35 | Queue | Villager (Male) |
| 21:35 | Queue | Villager (Male) |
| 21:46 | Research | Elite Skirmisher (upgrade) |
| 21:47 | Research | Elite Skirmisher (upgrade) |
| 21:55 | Queue | Skirmisher |
| 21:57 | Queue | Villager (Male) |
| 21:57 | Queue | Villager (Male) |
| 22:01 | Research | Leather Archer Armor |
| 22:01 | Research | Leather Archer Armor |
Match timeline
| 2:42 | stockfish · first_building Barracks |
| 5:57 | SuperCrazyFeng · wall_segment Palisade Wall x1 |
| 6:02 | SuperCrazyFeng · wall_segment Palisade Wall x1 |
| 7:36 | SuperCrazyFeng · wall_segment Palisade Wall x1 |
| 7:48 | SuperCrazyFeng · first_building Barracks |
| 8:28 | SuperCrazyFeng · age_up feudal |
| 9:29 | stockfish · wall_segment Palisade Wall x4 |
| 9:35 | stockfish · wall_segment Palisade Wall x1 |
| 9:40 | stockfish · age_up feudal |
| 9:43 | stockfish · first_building Archery Range |
| 9:52 | SuperCrazyFeng · first_building Archery Range |
| 9:56 | SuperCrazyFeng · wall_segment Palisade Wall x1 |
| 10:12 | SuperCrazyFeng · wall_segment Palisade Wall x1 |
| 10:52 | stockfish · wall_segment Palisade Wall x24 |
| 11:10 | stockfish · wall_segment Palisade Wall x9 |
| 11:26 | SuperCrazyFeng · wall_segment Palisade Wall x6 |
| 12:03 | SuperCrazyFeng · wall_segment Palisade Wall x5 |
| 12:04 | stockfish · wall_segment Palisade Wall x2 |
| 12:32 | stockfish · wall_segment Palisade Wall x3 |
| 12:58 | stockfish · wall_segment Palisade Wall x3 |
| 13:18 | stockfish · wall_segment Palisade Wall x3 |
| 13:43 | SuperCrazyFeng · wall_segment Palisade Wall x1 |
| 15:35 | SuperCrazyFeng · wall_segment Palisade Wall x1 |
| 16:50 | SuperCrazyFeng · wall_segment Palisade Wall x3 |
| 17:29 | stockfish · first_market_buy 100 food |
| 19:16 | stockfish · age_up castle |
| 20:27 | SuperCrazyFeng · age_up castle |
| 24:57 | SuperCrazyFeng · wall_segment Stone Wall x7 |
| 25:36 | SuperCrazyFeng · first_building Stable |
| 25:52 | SuperCrazyFeng · wall_segment Stone Wall x9 |
| 27:10 | stockfish · first_building Monastery |
| 27:20 | SuperCrazyFeng · wall_segment Stone Wall x3 |
| 27:22 | SuperCrazyFeng · wall_segment Stone Wall x2 |
| 30:34 | stockfish · first_market_sell 100 wood |
| 31:17 | stockfish · first_building Castle |
| 31:45 | SuperCrazyFeng · first_building Castle |
| 33:37 | stockfish · age_up imperial |
| 34:23 | SuperCrazyFeng · first_market_buy 100 food |
| 37:46 | SuperCrazyFeng · age_up imperial |
| 39:58 | SuperCrazyFeng · resign |
[ AI ANALYSIS · 1 CREDIT ]
What really happened in this match?
Wolo.gg analyzes every decision: build order, eco, micro, common mistakes by bracket. Personalized analysis on WhatsApp or Discord in 30 seconds.
Civ guide
Maya
Perfil
Jugador #24613498